 Dungeon Crawl Stone Soup version 0.18-a0-1572-g0a86841 (webtiles) character file.

350 M4edhros the Poker (level 6, -9/42 HPs)
             Began as an Octopode Chaos Knight on Mar 15, 2016.
             Mangled by a wasp (13 damage)
             ... on level 4 of the Dungeon.
             The game lasted 00:02:30 (2723 turns).

M4edhros the Poker (Octopode Chaos Knight)          Turns: 2723, Time: 00:02:30

Health: -9/42      AC:  1    Str: 15    XL:     6   Next: 61%
Magic:  6/6        EV: 18    Int: 15    God:    Xom [......]
Gold:   159        SH:  0    Dex: 18    Spells: 0 memorised, 5 levels left

rFire  . . .     SeeInvis .     a - +0 spear (chaos)
rCold  . . .     Gourm    .     (no shield)
rNeg   . . .     Faith    .     (helmet restricted)
rPois  .         Spirit   .     y - amulet of harm
rElec  .         Dismiss  .     c - ring of flight
rCorr  +         Reflect  .     t - ring of resist corrosion (curse)
SustAt .         Harm     +     x - +4 ring of strength
MR     .....                    (no ring)
Stlth  ++++......               (no ring)
                                (no ring)
                                (no ring)
                                (no ring)

@: agile, lethally poisoned (-9 -> -19), slowed, very slow, not resistant to
hostile enchantments, stealthy
A: almost no armour, amphibious, 8 rings, constrict 8, camouflage 1, gelatinous
body 1
a: Renounce Religion, Evoke Flight


You were on level 4 of the Dungeon.
You worshipped Xom.
You were a very special plaything of Xom.
You were hungry.

You visited 1 branch of the dungeon, and saw 4 of its levels.

You collected 159 gold pieces.

Inventory:

Hand Weapons
 a - a +0 spear of chaos (weapon)
Missiles
 u - a steel tomahawk (quivered)
Jewellery
 c - a ring of flight (left tentacle)
 t - a cursed ring of resist corrosion (right tentacle)
 x - a +4 ring of strength (on tentacle)
 y - an amulet of harm (around mantle)
 F - a +2 ring of evasion {unknown}
Wands
 A - a wand of lightning (7/15)
 C - a wand of slowing (31/48)
Scrolls
 d - 3 scrolls of random uselessness {unknown}
 e - 4 scrolls of remove curse {unknown}
 g - 2 scrolls of magic mapping {unknown}
 h - a scroll of recharging {unknown}
 i - 4 scrolls of identify {unknown}
 j - a scroll of fear {unknown}
 k - a scroll of noise {unknown}
 s - a scroll of blinking {unknown}
 v - a scroll of teleportation {unknown}
 B - a scroll of fog {unknown}
Potions
 l - 2 potions of might
 m - a potion of agility
 o - a potion of cure mutation
 p - a potion of curing {unknown}
 q - 2 potions of beneficial mutation {unknown}
 r - a potion of magic {unknown}
 z - a potion of mutation {unknown}
 D - 2 potions of invisibility {unknown}
Books
 w - a Necronomicon

   Spells                             Type                      Level
   a - Haunt                          Necromancy/Summoning         7
   b - Borgnjor's Revivification      Necromancy                   8
   c - Death's Door                   Charms/Necromancy            8
   d - Necromutation                  Transmutation/Necromancy     8
Comestibles
 b - 2 bread rations
 f - 7 beef jerkies
 n - a slice of pizza
 E - 2 fruits


   Skills:
 - Level 3.0 Fighting
 + Level 7.2 Polearms
 - Level 2.3 Dodging


You had 5 spell levels left.
You didn't know any spells.

Dungeon Overview and Level Annotations

Branches:
Dungeon (4/15)
 Temple: D:4-7

Altars:
Gozag
Kikubaaqudgha
Makhleb
Xom
The Shining One


Innate Abilities, Weirdness & Mutations

You cannot wear most types of armour.
You are amphibious.
You can wear up to eight rings at the same time.
You can use your tentacles to constrict eight enemies at once.
Your skin changes colour to match your surroundings (Stealth).
Your rubbery body absorbs attacks (AC +1).


Message History

You hit the wasp but do no damage.
You heal the wasp.
The wasp is completely healed.
You constrict the wasp. The wasp stings you.
You are poisoned.
Drink which item? (? for menu, Esc to quit)
It was a potion of agility.
You feel agile all of a sudden.
You constrict the wasp, but do no damage.
You feel sick. The wasp stings you!
* * * LOW HITPOINT WARNING * * *
You are lethally poisoned!
You feel yourself slow down. The wasp stings you.
* * * LOW HITPOINT WARNING * * *
You feel as though you will be slow longer.
Drink which item? (? for menu, Esc to quit)
It was a potion of cure mutation.
It has a very clean taste.
You constrict the wasp.
* * * LOW HITPOINT WARNING * * *
You feel sick. The wasp closely misses you. The wasp stings you!
You die...
Xom thinks this is hilarious!

#.#.# #...
#.#.########
#.....####...........
#./..................
>....###............
.. #..#.#.###### #.
#..#.#<# #
####.#.#####..#.#.#
....<.y@..........#
#.$..##.####.####.#
#.# #.# ##.# #.# #.#
#..# #)#### #.# #.##
#....# #.# #.# ####.#
..# #.# #.# ### #.#
#.# #.# #.#


You could see a wasp.

Vanquished Creatures
  A howler monkey (D:3)
  A hound (D:4)
  An orc priest (D:3)
  A centaur skeleton (D:4)
  2 worker ants (D:4)
  A gnoll (D:1)
  12 adders
  2 worms (D:2)
  A giant gecko (D:3)
  3 orcs (D:3)
  3 giant cockroaches
  6 goblins
  6 hobgoblins
  3 jackals (D:2)
  3 kobolds
  A quokka (D:4)
  5 ball pythons (D:4)
  6 bats
  3 giant newts
  A rat (shapeshifter) (D:1)
  3 rats
65 creatures vanquished.

Notes
Turn   | Place    | Note
--------------------------------------------------------------
     0 | D:1      | M4edhros the Octopode Chaos Knight began the quest for the Orb.
     0 | D:1      | Reached XP level 1. HP: 16/16 MP: 1/1
   505 | D:1      | XOM: harmless Erth miscast
   568 | D:1      | Reached XP level 2. HP: 21/21 MP: 2/2
   634 | D:1      | XOM: divination: detect creatures
   690 | D:2      | Reached skill level 4 in Polearms
   913 | D:2      | Reached XP level 3. HP: 18/26 MP: 3/3
   987 | D:2      | Found a burning altar of Makhleb.
  1112 | D:2      | XOM: divination: magic mapping
  1138 | D:2      | XOM: harmless Conj miscast
  1180 | D:2      | Reached XP level 4. HP: 31/31 MP: 4/4
  1282 | D:2      | XOM: harmless Necr miscast
  1305 | D:2      | XOM: divination: detect creatures
  1380 | D:2      | Found a glowing golden altar of the Shining One.
  1473 | D:2      | XOM: cast spell 'Summon Butterflies'
  1516 | D:3      | Reached skill level 5 in Polearms
  1650 | D:3      | Found an opulent altar of Gozag.
  1750 | D:3      | Reached XP level 5. HP: 16/36 MP: 5/5
  1808 | D:3      | XOM: scenery: create altars
  1910 | D:3      | Reached skill level 6 in Polearms
  2014 | D:3      | XOM: colour smoke trail
  2071 | D:3      | XOM: medium Hex miscast
  2127 | D:4      | XOM: butterfly on damage
  2177 | D:4      | XOM: vitrification
  2304 | D:4      | XOM: silly message
  2325 | D:4      | Found an ancient bone altar of Kikubaaqudgha.
  2374 | D:4      | Reached XP level 6. HP: 37/42 MP: 6/6
  2573 | D:4      | XOM: mild Necr miscast
  2643 | D:4      | Reached skill level 7 in Polearms
  2718 | D:4      | Noticed a wasp
  2718 | D:4      | a worker ant changed into a wasp
  2723 | D:4      | Mangled by a wasp

Vault maps used:
D:1:      lightli_arrival_noodles, minmay_quantized
D:2:      lemuel_doored_altar, lemuel_coloured_pillars_altar
D:3:      hangedman_decor_slide_cut,
          nicolae_gozag_cash_rules_everything_around_me
D:4:      kiku_gazebo_garden_becter, minmay_snake_closets

Skill      XL: |  1  2  3  4  5  6 |
---------------+-------------------+-----
Polearms       | 4 5 6 7 |  7.2
Fighting       | |  3.0
Dodging        | |  2.3

Action                   |  1- 3 |  4- 6 || total
-------------------------+-------+-------++-------
Melee: Spear             |    68 |   116 ||   184
  Use: Potion            |       |     4 ||     4
 Stab: Sleeping          |     4 |    18 ||    22
  Eat: Chunk             |       |     5 ||     5
